[ AOE2 MATCH · #479491606 ]
UnrankedCelts vs Spanish
[ REPLAY ANALYSIS · EXTRACTED FROM THE RECORDED GAME ]
Feudal
11:40
Castle
17:40
Imperial
34:35
| APM avg | 24.0 |
| APM peak | 43 |
| eAPM avg | 18.2 |
| Villagers / military | 150 / 67 |
Focus
⚔️ 25.2% · 🌾 74.8%
Woad Raider ×35 · Spearman ×15 · Knight ×12 · Scorpion ×2 · Battering Ram ×2 · Mangonel ×1
Feudal
13:38
Castle
22:08
Imperial
34:52
| APM avg | 11.7 |
| APM peak | 22 |
| eAPM avg | 9.2 |
| Villagers / military | 94 / 12 |
Focus
⚔️ 12.2% · 🌾 87.8%
War Elephant ×6 · Skirmisher ×5 · Trade Cart ×2 · Monk ×1
Feudal
13:17
Castle
17:12
Imperial
30:56
| APM avg | 28.0 |
| APM peak | 57 |
| eAPM avg | 18.1 |
| Villagers / military | 127 / 37 |
Focus
⚔️ 19.8% · 🌾 80.2%
Conquistador ×22 · Spearman ×5 · Trebuchet (Packed) ×4 · Knight ×3 · Petard ×2 · Monk ×1
Feudal
12:55
Castle
—
Imperial
—
| APM avg | 33.7 |
| APM peak | 73 |
| eAPM avg | 17.3 |
| Villagers / military | 68 / 10 |
Focus
⚔️ 20.8% · 🌾 79.2%
Militia ×10
Feudal
12:27
Castle
25:42
Imperial
—
| APM avg | 13.7 |
| APM peak | 58 |
| eAPM avg | 11.2 |
| Villagers / military | 72 / 23 |
Focus
⚔️ 20.0% · 🌾 80.0%
Militia ×18 · Trade Cart ×4 · Camel Scout ×2 · Scout Cavalry ×2 · Battering Ram ×1
Feudal
10:08
Castle
19:41
Imperial
—
| APM avg | 30.6 |
| APM peak | 69 |
| eAPM avg | 16.7 |
| Villagers / military | 95 / 38 |
Focus
⚔️ 32.5% · 🌾 67.5%
Militia ×30 · Knight ×4 · Battering Ram ×3 · Mangonel ×1
Feudal
14:01
Castle
34:11
Imperial
—
| APM avg | 17.9 |
| APM peak | 44 |
| eAPM avg | 8.8 |
| Villagers / military | 71 / 18 |
Focus
⚔️ 20.7% · 🌾 79.3%
Gbeto ×10 · Archer ×8
Feudal
18:26
Castle
35:05
Imperial
—
| APM avg | 22.1 |
| APM peak | 68 |
| eAPM avg | 12.6 |
| Villagers / military | 71 / 0 |
Focus
⚔️ 19.3% · 🌾 80.7%
Match map
Initial resources + every placement click. Lines = walls · curves = elevation contours. ◆ gold · ⬟ stone · ● berries · ✦ relic · ◌ wall gap
Your base· ✓ Closed at 17:40 · 23t walls · no gate
alvarezomar's base· ✓ Closed at 22:08 · 34t walls · 1 gate(s)
SergentM95's base· ✓ Closed at 17:12 · 9t walls · fragile
Deep Clean's base· ✓ Closed at 35:24 · 8t walls · no gate
Jartor's base· ✓ Closed at 25:42 · 30t walls · 1 gate(s)
3m1R's base· ✓ Closed at 19:41 · 21t walls · no gate
marrin89's base· ✓ Closed at 34:11 · 55t walls · 2 gate(s)
ddd's base· ✓ Closed at 35:05 · 187t walls · 8 gate(s)
Smoothed initial terrain · ◌ = detected wall gap · hover for details
Inputs per minute
— FoxTroT - - alvarezomar
Build order — FoxTroT
First 150 of 368 actions detected
| 0:01 | Create | Villager (Male) |
| 0:01 | Create | Villager (Male) |
| 0:02 | Build | House |
| 0:04 | Build | House |
| 0:18 | Research | Loom |
| 0:18 | Create | Villager (Male) |
| 0:19 | Create | Villager (Male) |
| 0:31 | Build | Palisade Wall |
| 0:48 | Create | Villager (Male) |
| 1:44 | Create | Villager (Male) |
| 2:35 | Create | Villager (Male) |
| 2:59 | Create | Villager (Male) |
| 3:00 | Create | Villager (Male) |
| 3:25 | Create | Villager (Male) |
| 3:25 | Create | Villager (Male) |
| 4:02 | Create | Villager (Male) |
| 4:02 | Create | Villager (Male) |
| 4:24 | Create | Villager (Male) |
| 4:41 | Create | Villager (Male) |
| 5:01 | Create | Villager (Male) |
| 5:05 | Build | House |
| 5:27 | Build | Lumber Camp |
| 5:28 | Build | House |
| 5:30 | Create | Villager (Male) |
| 5:31 | Create | Villager (Male) |
| 5:54 | Create | Villager (Male) |
| 6:19 | Create | Villager (Male) |
| 6:53 | Create | Villager (Male) |
| 7:04 | Build | House |
| 7:17 | Build | Mill |
| 7:35 | Create | Villager (Male) |
| 7:35 | Create | Villager (Male) |
| 7:53 | Create | Villager (Male) |
| 8:21 | Build | Mining Camp |
| 8:22 | Build | House |
| 8:34 | Create | Villager (Male) |
| 9:08 | Build | House |
| 9:10 | Build | Mining Camp |
| 9:26 | Research | Feudal Age |
| 9:28 | Create | Villager (Male) |
| 9:54 | Create | Villager (Male) |
| 10:07 | Create | Villager (Male) |
| 10:07 | Create | Villager (Male) |
| 10:07 | Create | Villager (Male) |
| 11:40 | Age | Feudal Age |
| 11:41 | Research | Double-Bit Axe |
| 11:47 | Build | Stone Wall |
| 11:52 | Build | Stone Wall |
| 11:58 | Build | Outpost |
| 12:28 | Build | Market |
| 12:35 | Build | Market |
| 12:44 | Research | Horse Collar |
| 13:10 | Create | Villager (Male) |
| 13:10 | Create | Villager (Male) |
| 13:11 | Create | Villager (Male) |
| 13:11 | Create | Villager (Male) |
| 13:42 | Build | Blacksmith |
| 13:49 | Build | Farm |
| 13:50 | Build | Farm |
| 14:00 | Build | House |
| 14:01 | Build | House |
| 14:12 | Build | Farm |
| 14:37 | Build | Farm |
| 14:40 | Research | Castle Age |
| 15:05 | Create | Villager (Male) |
| 15:05 | Create | Villager (Male) |
| 15:22 | Create | Villager (Male) |
| 15:22 | Create | Villager (Male) |
| 15:34 | Build | Farm |
| 15:35 | Build | Farm |
| 15:37 | Build | Farm |
| 15:37 | Build | Farm |
| 15:39 | Build | Farm |
| 16:23 | Build | Farm |
| 16:37 | Build | Farm |
| 17:08 | Create | Villager (Male) |
| 17:08 | Research | Wheelbarrow |
| 17:11 | Build | Farm |
| 17:40 | Age | Castle Age |
| 17:46 | Build | Town Center |
| 17:54 | Build | Town Center |
| 18:20 | Build | Town Center |
| 18:52 | Create | Villager (Male) |
| 18:52 | Create | Villager (Male) |
| 18:52 | Create | Villager (Male) |
| 19:11 | Create | Villager (Male) |
| 19:11 | Create | Villager (Male) |
| 19:16 | Create | Villager (Male) |
| 19:16 | Create | Villager (Male) |
| 19:16 | Create | Villager (Male) |
| 19:19 | Build | Mining Camp |
| 19:23 | Create | Villager (Male) |
| 19:23 | Create | Villager (Male) |
| 19:24 | Create | Villager (Male) |
| 19:58 | Build | Barracks |
| 20:05 | Create | Villager (Male) |
| 20:05 | Create | Villager (Male) |
| 20:05 | Create | Villager (Male) |
| 20:13 | Build | Farm |
| 20:13 | Build | Farm |
| 20:20 | Build | Farm |
| 20:21 | Create | Villager (Male) |
| 20:21 | Create | Villager (Male) |
| 20:21 | Create | Villager (Male) |
| 20:39 | Build | Gate |
| 20:41 | Build | Stone Wall |
| 20:46 | Create | Villager (Male) |
| 20:46 | Create | Villager (Male) |
| 20:49 | Build | Stable |
| 20:58 | Build | Farm |
| 21:09 | Create | Villager (Male) |
| 21:14 | Build | Farm |
| 21:14 | Build | Farm |
| 21:18 | Build | Farm |
| 21:20 | Create | Villager (Male) |
| 21:20 | Create | Villager (Male) |
| 21:34 | Create | Knight |
| 21:37 | Create | Villager (Male) |
| 21:37 | Create | Villager (Male) |
| 21:43 | Create | Villager (Male) |
| 21:43 | Create | Villager (Male) |
| 21:50 | Build | Gate |
| 21:56 | Build | Stone Wall |
| 22:01 | Create | Knight |
| 22:03 | Create | Villager (Male) |
| 22:06 | Build | House |
| 22:09 | Build | House |
| 22:14 | Build | Farm |
| 22:15 | Build | Farm |
| 22:16 | Build | Farm |
| 22:17 | Build | Farm |
| 22:24 | Create | Knight |
| 22:31 | Create | Spearman |
| 22:31 | Create | Spearman |
| 22:39 | Build | Stable |
| 22:40 | Create | Villager (Male) |
| 22:41 | Create | Villager (Male) |
| 22:41 | Create | Villager (Male) |
| 22:51 | Build | Farm |
| 22:53 | Build | Farm |
| 22:54 | Build | Farm |
| 22:55 | Build | Farm |
| 23:05 | Create | Knight |
| 23:06 | Create | Villager (Male) |
| 23:07 | Create | Villager (Male) |
| 23:10 | Create | Spearman |
| 23:26 | Create | Knight |
| 23:26 | Create | Knight |
| 23:26 | Create | Knight |
| 23:44 | Build | Farm |
Build order — alvarezomar
First 150 of 203 actions detected
| 0:08 | Research | Loom |
| 0:09 | Create | Villager (Male) |
| 0:09 | Create | Villager (Male) |
| 0:09 | Create | Villager (Male) |
| 0:10 | Create | Villager (Male) |
| 0:10 | Create | Villager (Male) |
| 0:17 | Build | House |
| 0:21 | Build | House |
| 0:24 | Build | House |
| 1:55 | Create | Villager (Male) |
| 2:53 | Create | Villager (Male) |
| 3:11 | Build | Palisade Wall |
| 3:16 | Build | Palisade Gate |
| 4:02 | Create | Villager (Male) |
| 4:02 | Create | Villager (Male) |
| 4:03 | Create | Villager (Male) |
| 4:34 | Create | Villager (Male) |
| 4:50 | Create | Villager (Male) |
| 5:22 | Create | Villager (Male) |
| 5:50 | Create | Villager (Male) |
| 6:19 | Build | Mill |
| 6:22 | Create | Villager (Male) |
| 6:33 | Build | House |
| 6:36 | Build | House |
| 6:38 | Build | House |
| 7:00 | Create | Villager (Male) |
| 7:26 | Create | Villager (Male) |
| 7:44 | Create | Villager (Male) |
| 8:12 | Create | Villager (Male) |
| 8:17 | Build | House |
| 8:20 | Build | House |
| 8:23 | Build | House |
| 8:30 | Create | Villager (Male) |
| 8:44 | Create | Villager (Male) |
| 8:54 | Build | Lumber Camp |
| 9:13 | Create | Villager (Male) |
| 9:51 | Create | Villager (Male) |
| 9:51 | Create | Villager (Male) |
| 9:59 | Build | House |
| 10:01 | Build | House |
| 10:05 | Build | House |
| 10:13 | Create | Villager (Male) |
| 10:27 | Build | Lumber Camp |
| 10:53 | Create | Villager (Male) |
| 11:17 | Build | Lumber Camp |
| 11:23 | Research | Feudal Age |
| 11:56 | Build | House |
| 11:59 | Build | House |
| 12:02 | Build | House |
| 12:24 | Build | Mill |
| 12:35 | Create | Villager (Male) |
| 12:35 | Create | Villager (Male) |
| 13:24 | Build | Mining Camp |
| 13:38 | Age | Feudal Age |
| 13:43 | Create | Villager (Male) |
| 14:07 | Build | Mining Camp |
| 14:10 | Create | Villager (Male) |
| 14:37 | Build | Market |
| 14:43 | Create | Villager (Male) |
| 14:55 | Create | Villager (Male) |
| 15:28 | Create | Villager (Male) |
| 15:39 | Build | Farm |
| 15:41 | Create | Villager (Male) |
| 15:41 | Create | Villager (Male) |
| 16:09 | Create | Villager (Male) |
| 16:29 | Build | Stone Wall |
| 16:40 | Build | Gate |
| 16:50 | Build | Farm |
| 16:52 | Create | Villager (Male) |
| 16:57 | Build | Farm |
| 17:03 | Build | Farm |
| 17:05 | Create | Villager (Male) |
| 17:19 | Build | Farm |
| 17:27 | Create | Villager (Male) |
| 17:33 | Build | Farm |
| 17:43 | Build | Mining Camp |
| 17:52 | Build | Mining Camp |
| 18:02 | Build | Mining Camp |
| 18:09 | Build | Farm |
| 18:11 | Create | Villager (Male) |
| 18:19 | Build | Blacksmith |
| 18:39 | Build | Farm |
| 18:41 | Create | Villager (Male) |
| 18:51 | Build | Market |
| 19:03 | Build | Farm |
| 19:05 | Create | Villager (Male) |
| 19:27 | Build | Stone Wall |
| 19:42 | Research | Castle Age |
| 19:48 | Build | Barracks |
| 19:54 | Research | Double-Bit Axe |
| 19:56 | Research | Horse Collar |
| 19:59 | Research | Gold Mining |
| 20:19 | Build | Mining Camp |
| 20:41 | Create | Trade Cart |
| 20:43 | Create | Trade Cart |
| 20:53 | Create | Villager (Male) |
| 21:12 | Build | Archery Range |
| 21:55 | Create | Skirmisher ×5 |
| 22:08 | Age | Castle Age |
| 22:11 | Create | Villager (Male) |
| 22:12 | Create | Villager (Male) |
| 22:36 | Build | Stone Wall |
| 22:51 | Build | Castle |
| 22:53 | Create | Villager (Male) |
| 22:54 | Create | Villager (Male) |
| 23:02 | Build | Town Center |
| 23:08 | Research | Fletching |
| 23:15 | Research | Elite Skirmisher (upgrade) |
| 23:20 | Create | Villager (Male) |
| 23:35 | Research | Padded Archer Armor |
| 23:47 | Create | Villager (Male) |
| 24:12 | Create | Villager (Male) |
| 24:28 | Build | Farm |
| 24:30 | Create | Villager (Male) |
| 25:10 | Build | Farm |
| 25:14 | Build | Farm |
| 25:17 | Create | Villager (Male) |
| 25:17 | Create | Villager (Male) |
| 25:39 | Build | Farm |
| 25:43 | Create | Villager (Male) |
| 25:48 | Build | Farm |
| 26:17 | Create | Villager (Male) |
| 26:17 | Create | Villager (Male) |
| 26:20 | Create | Villager (Male) |
| 26:37 | Create | Villager (Male) |
| 26:46 | Build | Town Center |
| 26:50 | Create | Villager (Male) |
| 26:53 | Create | Villager (Male) |
| 27:16 | Build | Farm |
| 27:20 | Build | Farm |
| 27:24 | Create | Villager (Male) |
| 27:28 | Create | Villager (Male) |
| 27:43 | Create | Villager (Male) |
| 27:47 | Create | Villager (Male) |
| 27:52 | Build | Farm |
| 28:02 | Build | Monastery |
| 28:06 | Build | University |
| 28:14 | Create | Villager (Male) |
| 28:15 | Create | Villager (Male) |
| 28:21 | Build | Farm |
| 28:31 | Build | Farm |
| 28:34 | Create | Villager (Male) |
| 28:35 | Create | Villager (Male) |
| 28:43 | Build | Farm |
| 28:57 | Create | Villager (Male) |
| 28:58 | Create | Villager (Male) |
| 28:59 | Create | Villager (Male) |
| 29:04 | Build | Farm |
| 29:10 | Build | Farm |
| 29:21 | Create | Villager (Male) |
Build order — SergentM95
First 150 of 293 actions detected
| 0:01 | Create | Villager (Male) |
| 0:01 | Create | Villager (Male) |
| 0:02 | Create | Villager (Male) |
| 0:03 | Build | House |
| 0:21 | Create | Villager (Male) |
| 0:28 | Build | House |
| 0:29 | Build | House |
| 1:09 | Research | Loom |
| 1:12 | Create | Villager (Male) |
| 1:30 | Create | Villager (Male) |
| 1:30 | Create | Villager (Male) |
| 2:15 | Build | Palisade Wall |
| 2:17 | Create | Villager (Male) |
| 2:17 | Create | Villager (Male) |
| 2:38 | Create | Villager (Male) |
| 2:38 | Create | Villager (Male) |
| 3:13 | Create | Villager (Male) |
| 3:13 | Create | Villager (Male) |
| 3:24 | Build | Outpost |
| 3:26 | Create | Villager (Male) |
| 3:26 | Create | Villager (Male) |
| 4:08 | Build | Lumber Camp |
| 4:15 | Create | Villager (Male) |
| 4:15 | Create | Villager (Male) |
| 4:33 | Create | Villager (Male) |
| 4:33 | Create | Villager (Male) |
| 5:00 | Create | Villager (Male) |
| 5:00 | Create | Villager (Male) |
| 5:00 | Create | Villager (Male) |
| 5:19 | Create | Villager (Male) |
| 5:19 | Create | Villager (Male) |
| 5:41 | Create | Villager (Male) |
| 5:41 | Create | Villager (Male) |
| 5:41 | Create | Villager (Male) |
| 5:48 | Create | Villager (Male) |
| 5:48 | Create | Villager (Male) |
| 6:34 | Build | House |
| 6:44 | Build | Mill |
| 6:52 | Create | Villager (Male) |
| 6:52 | Create | Villager (Male) |
| 7:10 | Build | House |
| 7:12 | Create | Villager (Male) |
| 7:22 | Create | Villager (Male) |
| 8:23 | Build | Mill |
| 8:32 | Create | Villager (Male) |
| 8:48 | Create | Villager (Male) |
| 9:01 | Build | Mining Camp |
| 9:04 | Create | Villager (Male) |
| 9:53 | Create | Villager (Male) |
| 10:33 | Build | House |
| 10:36 | Create | Villager (Male) |
| 11:07 | Research | Feudal Age |
| 11:37 | Build | Farm |
| 13:15 | Create | Villager (Male) |
| 13:17 | Age | Feudal Age |
| 13:25 | Build | Market |
| 13:32 | Build | Blacksmith |
| 13:35 | Build | Farm |
| 13:40 | Create | Villager (Male) |
| 13:46 | Build | Farm |
| 14:07 | Create | Villager (Male) |
| 14:17 | Research | Castle Age |
| 15:21 | Build | Farm |
| 15:35 | Build | Lumber Camp |
| 15:41 | Research | Double-Bit Axe |
| 15:41 | Research | Double-Bit Axe |
| 15:45 | Research | Stone Mining |
| 15:45 | Research | Stone Mining |
| 15:46 | Research | Gold Mining |
| 15:46 | Research | Gold Mining |
| 16:01 | Build | Farm |
| 16:06 | Research | Horse Collar |
| 16:06 | Research | Horse Collar |
| 16:38 | Research | Wheelbarrow |
| 17:10 | Build | Farm |
| 17:12 | Age | Castle Age |
| 17:47 | Build | Castle |
| 17:58 | Research | Bow Saw |
| 18:04 | Build | Town Center |
| 18:16 | Build | Stone Wall |
| 18:18 | Create | Villager (Male) |
| 18:29 | Build | Farm |
| 18:36 | Create | Villager (Male) |
| 18:47 | Research | Heavy Plow |
| 18:47 | Research | Heavy Plow |
| 19:00 | Build | Farm |
| 19:06 | Research | Fletching |
| 19:07 | Research | Fletching |
| 19:14 | Create | Petard |
| 19:20 | Build | Lumber Camp |
| 19:27 | Create | Conquistador |
| 19:27 | Create | Conquistador |
| 19:33 | Create | Villager (Male) |
| 19:41 | Build | Farm |
| 19:42 | Build | Farm |
| 19:46 | Create | Villager (Male) |
| 19:46 | Create | Villager (Male) |
| 20:03 | Create | Conquistador |
| 20:22 | Create | Conquistador |
| 20:35 | Create | Villager (Male) |
| 20:39 | Build | Farm |
| 20:50 | Create | Conquistador |
| 20:51 | Create | Conquistador |
| 21:38 | Research | Padded Archer Armor |
| 21:39 | Create | Villager (Male) |
| 21:44 | Build | Farm |
| 21:46 | Build | Farm |
| 21:56 | Create | Villager (Male) |
| 21:57 | Create | Villager (Male) |
| 22:05 | Build | Farm |
| 22:09 | Create | Conquistador |
| 22:09 | Create | Conquistador |
| 22:58 | Create | Villager (Male) |
| 22:59 | Create | Villager (Male) |
| 22:59 | Create | Villager (Male) |
| 23:00 | Create | Villager (Male) |
| 23:06 | Build | Farm |
| 23:07 | Build | Farm |
| 23:15 | Build | Town Center |
| 23:16 | Create | Villager (Male) |
| 23:17 | Create | Villager (Male) |
| 24:15 | Create | Villager (Male) |
| 24:15 | Create | Villager (Male) |
| 24:16 | Create | Villager (Male) |
| 24:20 | Build | Farm |
| 24:20 | Build | Farm |
| 24:25 | Create | Villager (Male) |
| 24:25 | Create | Villager (Male) |
| 25:10 | Create | Villager (Male) |
| 25:11 | Create | Villager (Male) |
| 25:11 | Create | Villager (Male) |
| 25:11 | Create | Villager (Male) |
| 25:12 | Create | Villager (Male) |
| 25:13 | Create | Villager (Male) |
| 25:15 | Build | Farm |
| 25:17 | Build | Farm |
| 25:19 | Create | Villager (Male) |
| 25:22 | Build | Farm |
| 25:23 | Build | Farm |
| 25:25 | Build | Farm |
| 25:35 | Build | House |
| 25:35 | Build | House |
| 25:36 | Build | House |
| 25:37 | Build | House |
| 25:42 | Build | Farm |
| 25:44 | Build | Farm |
| 25:53 | Create | Villager (Male) |
| 25:54 | Create | Villager (Male) |
| 25:54 | Create | Villager (Male) |
| 25:55 | Create | Villager (Male) |
Build order — Deep Clean
First 150 of 156 actions detected
| 0:01 | Create | Villager (Male) |
| 0:01 | Create | Villager (Male) |
| 0:02 | Create | Villager (Male) |
| 0:02 | Create | Villager (Male) |
| 0:03 | Build | House |
| 0:05 | Build | House |
| 0:07 | Build | House |
| 1:13 | Research | Loom |
| 1:18 | Create | Villager (Male) |
| 1:18 | Create | Villager (Male) |
| 1:18 | Create | Villager (Male) |
| 1:38 | Build | Lumber Camp |
| 1:39 | Create | Villager (Male) |
| 1:40 | Create | Villager (Male) |
| 2:29 | Create | Villager (Male) |
| 2:29 | Create | Villager (Male) |
| 2:38 | Create | Villager (Male) |
| 2:38 | Create | Villager (Male) |
| 3:27 | Create | Villager (Male) |
| 3:27 | Create | Villager (Male) |
| 3:47 | Build | House |
| 3:49 | Build | House |
| 4:05 | Create | Villager (Male) |
| 4:05 | Create | Villager (Male) |
| 4:12 | Create | Villager (Male) |
| 4:12 | Create | Villager (Male) |
| 4:12 | Create | Villager (Male) |
| 5:01 | Create | Villager (Male) |
| 5:01 | Create | Villager (Male) |
| 5:01 | Create | Villager (Male) |
| 5:37 | Create | Villager (Male) |
| 6:12 | Create | Villager (Male) |
| 6:12 | Create | Villager (Male) |
| 6:12 | Create | Villager (Male) |
| 6:15 | Create | Villager (Male) |
| 6:15 | Create | Villager (Male) |
| 6:27 | Create | Villager (Male) |
| 6:42 | Build | House |
| 6:44 | Build | Mill |
| 6:53 | Build | House |
| 6:59 | Create | Villager (Male) |
| 7:08 | Create | Villager (Male) |
| 7:29 | Create | Villager (Male) |
| 8:02 | Create | Villager (Male) |
| 8:29 | Build | Mining Camp |
| 8:39 | Create | Villager (Male) |
| 8:48 | Create | Villager (Male) |
| 8:51 | Build | House |
| 8:52 | Build | House |
| 8:56 | Create | Villager (Male) |
| 10:06 | Create | Villager (Male) |
| 10:09 | Create | Villager (Male) |
| 10:29 | Research | Feudal Age |
| 10:29 | Research | Feudal Age |
| 11:16 | Create | Villager (Male) |
| 11:20 | Build | Mining Camp |
| 11:59 | Build | Barracks |
| 12:02 | Create | Villager (Male) |
| 12:02 | Create | Villager (Male) |
| 12:54 | Create | Villager (Male) |
| 12:55 | Age | Feudal Age |
| 13:00 | Build | Blacksmith |
| 13:03 | Build | Market |
| 13:12 | Build | Barracks |
| 13:26 | Create | Villager (Male) |
| 13:57 | Build | Barracks |
| 14:14 | Research | Man-at-Arms (upgrade) |
| 14:14 | Create | Militia |
| 14:14 | Create | Militia |
| 14:15 | Create | Militia |
| 14:18 | Build | Barracks |
| 14:29 | Research | Fletching |
| 14:29 | Research | Fletching |
| 14:53 | Create | Militia |
| 14:53 | Create | Militia |
| 14:54 | Create | Militia |
| 14:54 | Create | Militia |
| 14:56 | Build | House |
| 14:57 | Build | House |
| 15:30 | Create | Militia |
| 15:33 | Create | Militia |
| 15:34 | Create | Militia |
| 15:39 | Build | Watch Tower |
| 16:38 | Build | Mining Camp |
| 17:32 | Build | Farm |
| 17:32 | Build | Farm |
| 17:35 | Build | Farm |
| 17:36 | Build | Farm |
| 18:29 | Build | Farm |
| 18:32 | Build | Farm |
| 18:59 | Build | House |
| 19:46 | Create | Villager (Male) |
| 19:46 | Create | Villager (Male) |
| 20:54 | Build | Stone Wall |
| 20:59 | Build | Stone Wall |
| 21:02 | Build | Stone Wall |
| 21:04 | Build | Stone Wall |
| 21:05 | Build | Stone Wall |
| 21:11 | Build | Watch Tower |
| 23:29 | Build | Watch Tower |
| 24:34 | Build | House |
| 24:35 | Build | House |
| 25:12 | Build | Town Center |
| 25:56 | Build | Stone Wall |
| 25:57 | Build | Stone Wall |
| 25:58 | Build | Stone Wall |
| 26:44 | Research | Double-Bit Axe |
| 26:45 | Research | Double-Bit Axe |
| 26:47 | Create | Villager (Male) |
| 26:47 | Create | Villager (Male) |
| 26:47 | Create | Villager (Male) |
| 28:30 | Build | Farm |
| 28:31 | Build | Farm |
| 28:32 | Build | Farm |
| 28:33 | Build | Farm |
| 28:34 | Build | Farm |
| 28:35 | Build | Farm |
| 28:39 | Build | Farm |
| 28:40 | Build | Farm |
| 28:44 | Build | Farm |
| 28:48 | Build | Farm |
| 28:49 | Build | Farm |
| 28:59 | Build | Farm |
| 29:00 | Build | Farm |
| 29:01 | Build | Farm |
| 29:33 | Create | Villager (Male) |
| 29:34 | Create | Villager (Male) |
| 30:09 | Create | Villager (Male) |
| 30:10 | Create | Villager (Male) |
| 30:10 | Create | Villager (Male) |
| 30:21 | Create | Villager (Male) |
| 30:21 | Create | Villager (Male) |
| 30:38 | Create | Villager (Male) |
| 30:38 | Create | Villager (Male) |
| 31:11 | Build | Mill |
| 31:14 | Build | Farm |
| 31:17 | Build | Farm |
| 31:24 | Build | Farm |
| 31:31 | Build | Farm |
| 31:32 | Build | Farm |
| 31:33 | Build | Farm |
| 31:35 | Build | Farm |
| 31:39 | Create | Villager (Male) |
| 31:40 | Create | Villager (Male) |
| 31:40 | Create | Villager (Male) |
| 31:42 | Create | Villager (Male) |
| 31:46 | Create | Villager (Male) |
| 32:27 | Research | Horse Collar |
| 33:08 | Create | Villager (Male) |
| 33:08 | Create | Villager (Male) |
Build order — Jartor
First 150 of 191 actions detected
| 0:03 | Research | Loom |
| 0:03 | Create | Villager (Male) |
| 0:04 | Create | Villager (Male) |
| 0:04 | Create | Villager (Male) |
| 0:04 | Create | Villager (Male) |
| 0:05 | Create | Villager (Male) |
| 0:10 | Build | House |
| 0:12 | Build | House |
| 2:27 | Create | Villager (Male) |
| 2:27 | Create | Villager (Male) |
| 2:27 | Create | Villager (Male) |
| 3:16 | Create | Villager (Male) |
| 3:16 | Create | Villager (Male) |
| 3:16 | Create | Villager (Male) |
| 3:28 | Build | Palisade Wall |
| 3:46 | Create | Villager (Male) |
| 3:46 | Create | Villager (Male) |
| 4:01 | Build | Palisade Wall |
| 4:21 | Create | Villager (Male) |
| 4:21 | Create | Villager (Male) |
| 4:21 | Create | Villager (Male) |
| 4:22 | Create | Villager (Male) |
| 4:38 | Build | Lumber Camp |
| 5:05 | Create | Villager (Male) |
| 5:05 | Create | Villager (Male) |
| 5:06 | Create | Villager (Male) |
| 5:20 | Build | House |
| 5:45 | Create | Villager (Male) |
| 5:46 | Create | Villager (Male) |
| 5:46 | Create | Villager (Male) |
| 5:46 | Create | Villager (Male) |
| 6:04 | Create | Villager (Male) |
| 6:04 | Create | Villager (Male) |
| 6:04 | Create | Villager (Male) |
| 6:56 | Create | Villager (Male) |
| 7:01 | Build | House |
| 7:30 | Create | Villager (Male) |
| 7:31 | Create | Villager (Male) |
| 7:48 | Create | Villager (Male) |
| 7:50 | Create | Villager (Male) |
| 8:29 | Build | Mill |
| 8:34 | Create | Villager (Male) |
| 8:35 | Create | Villager (Male) |
| 9:16 | Create | Villager (Male) |
| 9:20 | Build | House |
| 10:08 | Build | Lumber Camp |
| 10:17 | Research | Feudal Age |
| 10:45 | Create | Villager (Male) |
| 10:46 | Create | Villager (Male) |
| 10:46 | Create | Villager (Male) |
| 11:03 | Build | Mining Camp |
| 11:06 | Create | Villager (Male) |
| 11:07 | Create | Villager (Male) |
| 11:07 | Create | Villager (Male) |
| 12:17 | Build | House |
| 12:20 | Create | Villager (Male) |
| 12:21 | Create | Villager (Male) |
| 12:27 | Age | Feudal Age |
| 12:30 | Build | Barracks |
| 12:46 | Build | Stone Wall |
| 12:51 | Research | Double-Bit Axe |
| 13:03 | Research | Man-at-Arms (upgrade) |
| 13:45 | Create | Militia |
| 13:45 | Create | Militia |
| 13:56 | Build | Watch Tower |
| 14:24 | Build | House |
| 14:32 | Research | Horse Collar |
| 15:39 | Create | Militia |
| 16:13 | Build | Market |
| 17:16 | Build | Blacksmith |
| 17:26 | Build | House |
| 17:41 | Build | Gate |
| 18:02 | Build | House |
| 18:10 | Create | Villager (Male) |
| 18:10 | Create | Villager (Male) |
| 18:11 | Create | Villager (Male) |
| 18:11 | Create | Villager (Male) |
| 18:22 | Research | Forging |
| 18:28 | Build | Farm |
| 18:29 | Build | Farm |
| 18:30 | Build | Farm |
| 18:31 | Build | Farm |
| 18:34 | Build | Farm |
| 18:35 | Build | Farm |
| 18:40 | Build | Farm |
| 18:41 | Build | Farm |
| 18:42 | Build | Farm |
| 18:44 | Build | Farm |
| 18:45 | Build | Farm |
| 19:32 | Build | Mining Camp |
| 19:50 | Build | Farm |
| 20:18 | Research | Gold Mining |
| 20:19 | Research | Stone Mining |
| 20:26 | Research | Wheelbarrow |
| 20:43 | Create | Trade Cart |
| 22:33 | Research | Scale Mail Armor |
| 22:41 | Build | Barracks |
| 22:47 | Build | Stable |
| 23:02 | Research | Castle Age |
| 23:44 | Build | House |
| 23:45 | Build | House |
| 23:47 | Build | House |
| 23:52 | Build | Stable |
| 23:54 | Build | Stable |
| 23:56 | Build | Stable |
| 24:16 | Research | Bloodlines |
| 24:42 | Create | Militia |
| 24:43 | Create | Militia |
| 25:11 | Create | Scout Cavalry |
| 25:12 | Create | Scout Cavalry |
| 25:37 | Create | Villager (Male) |
| 25:38 | Create | Villager (Male) |
| 25:42 | Age | Castle Age |
| 26:21 | Create | Trade Cart |
| 26:22 | Create | Trade Cart |
| 26:30 | Build | House |
| 26:31 | Build | House |
| 26:42 | Build | Town Center |
| 26:48 | Build | Farm |
| 27:09 | Create | Camel Scout |
| 27:10 | Create | Camel Scout |
| 27:28 | Build | Barracks |
| 27:31 | Build | Barracks |
| 27:34 | Create | Villager (Male) |
| 27:35 | Create | Villager (Male) |
| 27:36 | Create | Villager (Male) |
| 27:36 | Create | Villager (Male) |
| 27:38 | Create | Villager (Male) |
| 27:39 | Create | Villager (Male) |
| 28:07 | Build | Farm |
| 28:10 | Research | Heavy Plow |
| 28:33 | Build | Farm |
| 28:35 | Create | Villager (Male) |
| 28:39 | Create | Villager (Male) |
| 29:10 | Create | Villager (Male) |
| 29:13 | Build | Farm |
| 29:17 | Create | Villager (Male) |
| 29:25 | Build | Castle |
| 29:34 | Build | Farm |
| 30:06 | Create | Villager (Male) |
| 30:07 | Create | Villager (Male) |
| 30:10 | Build | Farm |
| 30:17 | Create | Villager (Male) |
| 30:18 | Create | Villager (Male) |
| 30:29 | Build | University |
| 30:36 | Research | Long Swordsman (upgrade) |
| 30:40 | Build | Barracks |
| 30:48 | Build | Farm |
| 31:15 | Create | Villager (Male) |
| 31:15 | Create | Villager (Male) |
Build order — 3m1R
First 150 of 212 actions detected
| 0:01 | Create | Villager (Male) |
| 0:02 | Create | Villager (Male) |
| 0:15 | Create | Villager (Male) |
| 0:16 | Create | Villager (Male) |
| 0:36 | Research | Loom |
| 0:36 | Create | Villager (Male) ×2 |
| 1:16 | Create | Villager (Male) |
| 1:17 | Create | Villager (Male) |
| 2:13 | Build | Lumber Camp |
| 2:20 | Create | Villager (Male) |
| 2:20 | Create | Villager (Male) |
| 2:21 | Create | Villager (Male) |
| 2:46 | Create | Villager (Male) |
| 2:46 | Create | Villager (Male) |
| 3:40 | Create | Villager (Male) |
| 3:40 | Create | Villager (Male) |
| 3:40 | Create | Villager (Male) |
| 3:57 | Create | Villager (Male) |
| 3:57 | Create | Villager (Male) |
| 5:00 | Create | Villager (Male) |
| 5:00 | Create | Villager (Male) |
| 5:04 | Build | Mill |
| 5:24 | Create | Villager (Male) |
| 5:24 | Create | Villager (Male) |
| 5:25 | Create | Villager (Male) |
| 5:33 | Create | Villager (Male) |
| 5:34 | Create | Villager (Male) |
| 5:34 | Create | Villager (Male) |
| 6:18 | Create | Villager (Male) |
| 7:26 | Build | Mining Camp |
| 7:58 | Research | Feudal Age |
| 7:58 | Research | Feudal Age |
| 8:22 | Build | Barracks |
| 9:23 | Create | Militia |
| 9:24 | Create | Militia |
| 9:24 | Create | Militia |
| 9:24 | Create | Militia |
| 9:24 | Create | Militia |
| 10:08 | Age | Feudal Age |
| 10:12 | Create | Villager (Male) |
| 10:12 | Create | Villager (Male) |
| 10:32 | Research | Man-at-Arms (upgrade) |
| 10:39 | Build | Stone Wall |
| 10:55 | Create | Villager (Male) |
| 11:25 | Create | Villager (Male) |
| 11:25 | Create | Villager (Male) |
| 11:35 | Create | Militia ×5 |
| 11:50 | Build | Blacksmith |
| 12:36 | Build | Market |
| 12:39 | Research | Scale Mail Armor |
| 12:39 | Research | Forging |
| 13:05 | Build | Stone Wall |
| 15:18 | Create | Villager (Male) |
| 15:19 | Create | Villager (Male) |
| 15:19 | Create | Villager (Male) |
| 15:21 | Build | Farm |
| 15:22 | Build | Farm |
| 15:22 | Build | Farm |
| 15:24 | Build | Farm |
| 15:26 | Build | Farm |
| 15:27 | Build | Farm |
| 15:45 | Build | Stone Wall |
| 16:16 | Create | Militia |
| 16:17 | Create | Militia |
| 16:17 | Create | Militia |
| 16:17 | Create | Militia |
| 16:17 | Create | Militia |
| 16:26 | Build | Stone Wall |
| 16:34 | Build | Farm |
| 16:35 | Build | Farm |
| 16:36 | Build | Farm |
| 17:01 | Research | Castle Age |
| 17:01 | Research | Castle Age |
| 17:12 | Build | Farm |
| 18:07 | Create | Militia |
| 18:09 | Research | Arson |
| 18:15 | Research | Horse Collar |
| 18:34 | Build | Farm |
| 19:10 | Build | Barracks |
| 19:14 | Create | Militia |
| 19:15 | Create | Militia |
| 19:41 | Age | Castle Age |
| 19:45 | Research | Long Swordsman (upgrade) |
| 19:57 | Research | Squires |
| 20:13 | Create | Militia |
| 20:24 | Build | Town Center |
| 20:27 | Create | Villager (Male) |
| 20:44 | Create | Militia |
| 20:53 | Create | Militia |
| 20:53 | Create | Militia |
| 20:53 | Create | Militia |
| 20:54 | Create | Militia |
| 21:14 | Create | Militia |
| 21:14 | Create | Militia |
| 21:31 | Create | Militia |
| 21:39 | Build | Siege Workshop |
| 21:52 | Create | Villager (Male) |
| 21:53 | Create | Villager (Male) |
| 21:59 | Build | Farm |
| 22:00 | Build | Farm |
| 22:00 | Build | Farm |
| 22:01 | Create | Villager (Male) |
| 22:02 | Create | Villager (Male) |
| 22:35 | Create | Mangonel |
| 22:38 | Create | Militia |
| 22:39 | Create | Militia |
| 22:39 | Create | Militia |
| 23:06 | Research | Wheelbarrow |
| 23:06 | Research | Wheelbarrow |
| 23:08 | Create | Villager (Male) |
| 23:09 | Create | Villager (Male) |
| 23:32 | Build | Stable |
| 23:46 | Create | Villager (Male) |
| 23:46 | Create | Villager (Male) |
| 24:31 | Create | Villager (Male) |
| 24:33 | Create | Villager (Male) |
| 24:35 | Create | Villager (Male) |
| 24:35 | Create | Villager (Male) |
| 25:31 | Build | Town Center |
| 25:38 | Build | Palisade Wall |
| 25:57 | Build | Stone Wall |
| 26:00 | Build | Stone Wall |
| 26:01 | Build | Stone Wall |
| 26:04 | Create | Villager (Male) |
| 26:04 | Create | Villager (Male) |
| 26:05 | Create | Villager (Male) |
| 26:27 | Create | Villager (Male) |
| 26:47 | Build | Farm |
| 26:47 | Build | Farm |
| 26:48 | Build | Farm |
| 26:48 | Build | Farm |
| 26:48 | Build | Farm |
| 26:58 | Research | Fletching |
| 26:58 | Research | Fletching |
| 27:13 | Create | Villager (Male) |
| 27:20 | Create | Villager (Male) |
| 27:20 | Create | Villager (Male) |
| 27:33 | Create | Knight |
| 27:33 | Create | Knight |
| 28:21 | Create | Villager (Male) |
| 28:30 | Create | Villager (Male) |
| 28:51 | Create | Villager (Male) |
| 28:52 | Create | Villager (Male) |
| 28:58 | Build | Farm |
| 29:12 | Build | Town Center |
| 29:22 | Create | Villager (Male) |
| 29:22 | Create | Villager (Male) |
| 29:25 | Research | Gold Mining |
| 29:26 | Create | Villager (Male) |
| 29:31 | Build | Farm |
Build order — marrin89
First 150 of 157 actions detected
| 0:05 | Create | Villager (Male) |
| 0:06 | Create | Villager (Male) |
| 0:06 | Create | Villager (Male) |
| 0:06 | Create | Villager (Male) |
| 0:06 | Create | Villager (Male) |
| 0:10 | Build | House |
| 0:15 | Build | House |
| 1:54 | Create | Villager (Male) |
| 1:55 | Create | Villager (Male) |
| 1:55 | Create | Villager (Male) |
| 1:58 | Research | Loom |
| 2:15 | Create | Villager (Male) |
| 2:35 | Create | Villager (Male) |
| 3:03 | Create | Villager (Male) |
| 3:10 | Build | House |
| 3:13 | Build | House |
| 3:28 | Create | Villager (Male) |
| 3:28 | Create | Villager (Male) |
| 4:07 | Create | Villager (Male) |
| 4:08 | Create | Villager (Male) |
| 4:52 | Build | Palisade Wall |
| 5:35 | Create | Villager (Male) |
| 5:35 | Create | Villager (Male) |
| 5:35 | Create | Villager (Male) |
| 5:48 | Create | Villager (Male) |
| 5:58 | Create | Villager (Male) |
| 5:59 | Create | Villager (Male) |
| 5:59 | Create | Villager (Male) |
| 6:26 | Build | Lumber Camp |
| 6:37 | Build | Lumber Camp |
| 7:15 | Build | Palisade Gate |
| 7:24 | Create | Villager (Male) |
| 7:34 | Build | Mill |
| 7:36 | Create | Villager (Male) |
| 7:36 | Create | Villager (Male) |
| 7:36 | Create | Villager (Male) |
| 8:30 | Build | House |
| 8:37 | Build | Palisade Wall |
| 8:56 | Build | Palisade Wall |
| 9:13 | Build | Palisade Wall |
| 9:26 | Create | Villager (Male) |
| 9:27 | Create | Villager (Male) |
| 10:20 | Create | Villager (Male) |
| 10:21 | Create | Villager (Male) |
| 10:26 | Create | Villager (Male) |
| 11:16 | Build | Mining Camp |
| 11:51 | Research | Feudal Age |
| 12:29 | Build | Barracks |
| 14:01 | Age | Feudal Age |
| 14:46 | Build | Barracks |
| 14:51 | Build | Mining Camp |
| 15:40 | Create | Villager (Male) |
| 15:40 | Create | Villager (Male) |
| 15:41 | Create | Villager (Male) |
| 15:41 | Create | Villager (Male) |
| 15:47 | Build | Mill |
| 16:46 | Build | Stone Wall |
| 16:52 | Build | Stone Wall |
| 16:57 | Create | Villager (Male) |
| 16:58 | Create | Villager (Male) |
| 16:58 | Create | Villager (Male) |
| 16:58 | Create | Villager (Male) |
| 17:39 | Build | Stone Wall |
| 17:51 | Build | Stone Wall |
| 18:04 | Create | Villager (Male) |
| 18:05 | Create | Villager (Male) |
| 18:05 | Create | Villager (Male) |
| 18:29 | Build | Blacksmith |
| 18:37 | Create | Villager (Male) |
| 18:37 | Create | Villager (Male) |
| 19:02 | Create | Villager (Male) |
| 19:10 | Build | Archery Range |
| 20:08 | Create | Archer |
| 20:09 | Create | Archer |
| 20:09 | Create | Archer |
| 20:09 | Create | Archer |
| 20:09 | Create | Archer |
| 20:10 | Create | Archer |
| 20:18 | Research | Horse Collar |
| 20:29 | Build | Mill |
| 20:39 | Create | Villager (Male) |
| 20:40 | Create | Villager (Male) |
| 20:40 | Create | Villager (Male) |
| 21:36 | Build | House |
| 21:38 | Build | House |
| 21:41 | Build | House |
| 21:43 | Build | House |
| 22:32 | Create | Archer |
| 22:32 | Create | Archer |
| 22:42 | Research | Fletching |
| 23:06 | Create | Villager (Male) |
| 23:06 | Create | Villager (Male) |
| 23:06 | Create | Villager (Male) |
| 23:11 | Build | House |
| 23:16 | Build | Farm |
| 23:21 | Build | Farm |
| 24:09 | Build | Farm |
| 24:54 | Build | Farm |
| 24:55 | Create | Villager (Male) |
| 24:56 | Create | Villager (Male) |
| 24:56 | Create | Villager (Male) |
| 25:28 | Build | Farm |
| 25:45 | Build | Farm |
| 26:02 | Create | Villager (Male) |
| 26:02 | Create | Villager (Male) |
| 26:15 | Build | Market |
| 26:21 | Create | Villager (Male) |
| 26:22 | Create | Villager (Male) |
| 26:32 | Build | Farm |
| 27:03 | Build | Farm |
| 27:08 | Build | Farm |
| 27:25 | Build | Farm |
| 27:32 | Build | Farm |
| 27:39 | Create | Villager (Male) |
| 27:39 | Create | Villager (Male) |
| 27:39 | Create | Villager (Male) |
| 28:13 | Build | Farm |
| 28:53 | Create | Villager (Male) |
| 28:53 | Create | Villager (Male) |
| 28:57 | Build | Farm |
| 29:09 | Build | Farm |
| 29:25 | Build | Farm |
| 29:42 | Create | Villager (Male) |
| 29:49 | Build | Farm |
| 30:57 | Build | Stone Wall |
| 31:31 | Research | Castle Age |
| 32:08 | Research | Gold Mining |
| 32:28 | Build | Gate |
| 32:45 | Build | Mill |
| 32:47 | Build | Farm |
| 32:50 | Build | Farm |
| 32:54 | Build | Farm |
| 32:59 | Build | Farm |
| 33:17 | Build | Farm |
| 33:20 | Research | Wheelbarrow |
| 33:24 | Research | Double-Bit Axe |
| 34:11 | Age | Castle Age |
| 34:17 | Build | Castle |
| 34:25 | Create | Villager (Male) |
| 34:30 | Build | Town Center |
| 34:34 | Build | Monastery |
| 34:38 | Create | Villager (Male) |
| 34:39 | Create | Villager (Male) |
| 35:50 | Create | Gbeto |
| 35:50 | Create | Gbeto |
| 35:50 | Create | Gbeto |
| 35:51 | Create | Gbeto |
| 35:51 | Create | Gbeto |
| 35:51 | Create | Gbeto |
| 35:51 | Create | Gbeto |
Build order — ddd
First 150 of 157 actions detected
| 0:03 | Research | Loom |
| 0:10 | Build | House |
| 0:11 | Build | House |
| 0:35 | Build | House |
| 0:38 | Build | House |
| 1:14 | Create | Villager (Male) |
| 1:14 | Create | Villager (Male) |
| 1:24 | Build | Palisade Wall |
| 1:50 | Create | Villager (Male) |
| 1:50 | Create | Villager (Male) |
| 2:27 | Create | Villager (Male) |
| 2:27 | Create | Villager (Male) |
| 2:48 | Create | Villager (Male) |
| 2:48 | Create | Villager (Male) |
| 3:12 | Create | Villager (Male) |
| 3:50 | Create | Villager (Male) |
| 3:50 | Create | Villager (Male) |
| 4:31 | Build | Palisade Wall |
| 4:34 | Create | Villager (Male) |
| 4:34 | Create | Villager (Male) |
| 4:35 | Create | Villager (Male) |
| 5:11 | Create | Villager (Male) |
| 5:11 | Create | Villager (Male) |
| 6:01 | Create | Villager (Male) |
| 6:01 | Create | Villager (Male) |
| 6:01 | Create | Villager (Male) |
| 6:22 | Build | Mill |
| 6:49 | Create | Villager (Male) |
| 7:21 | Create | Villager (Male) |
| 7:53 | Build | Palisade Gate |
| 8:04 | Create | Villager (Male) |
| 8:04 | Create | Villager (Male) |
| 8:04 | Create | Villager (Male) |
| 8:04 | Create | Villager (Male) |
| 8:53 | Create | Villager (Male) |
| 9:10 | Build | Palisade Wall |
| 9:26 | Create | Villager (Male) |
| 9:27 | Create | Villager (Male) |
| 10:00 | Create | Villager (Male) |
| 10:00 | Create | Villager (Male) |
| 10:12 | Build | Mill |
| 10:29 | Create | Villager (Male) |
| 11:11 | Build | Lumber Camp |
| 11:52 | Create | Villager (Male) |
| 11:52 | Create | Villager (Male) |
| 11:52 | Create | Villager (Male) |
| 12:38 | Build | Town Center |
| 13:28 | Build | Palisade Wall |
| 15:18 | Build | Town Center |
| 16:16 | Research | Feudal Age |
| 16:17 | Create | Villager (Male) |
| 16:18 | Create | Villager (Male) |
| 18:26 | Age | Feudal Age |
| 18:46 | Build | Mining Camp |
| 18:54 | Build | House |
| 19:00 | Create | Villager (Male) |
| 19:12 | Build | House |
| 19:16 | Build | House |
| 19:24 | Build | House |
| 19:24 | Build | House |
| 19:25 | Build | House |
| 19:26 | Build | House |
| 19:38 | Create | Villager (Male) |
| 19:41 | Create | Villager (Male) |
| 20:01 | Research | Double-Bit Axe |
| 20:16 | Create | Villager (Male) |
| 20:47 | Create | Villager (Male) |
| 20:47 | Create | Villager (Male) |
| 21:13 | Create | Villager (Male) |
| 21:13 | Create | Villager (Male) |
| 22:11 | Create | Villager (Male) |
| 24:17 | Build | Stone Wall |
| 24:19 | Build | Gate |
| 24:22 | Build | Stone Wall |
| 24:49 | Build | Gate |
| 24:54 | Build | Stone Wall |
| 24:59 | Build | Gate |
| 25:02 | Build | Stone Wall |
| 25:10 | Build | Stone Wall |
| 25:14 | Build | Gate |
| 25:18 | Create | Villager (Male) |
| 25:19 | Create | Villager (Male) |
| 25:25 | Build | Farm |
| 25:27 | Build | Farm |
| 25:27 | Build | Farm |
| 25:28 | Build | Farm |
| 25:40 | Build | Mill |
| 26:06 | Create | Villager (Male) |
| 26:34 | Create | Villager (Male) |
| 26:34 | Create | Villager (Male) |
| 26:44 | Create | Villager (Male) |
| 26:59 | Build | Farm |
| 27:00 | Build | Farm |
| 27:02 | Build | Farm |
| 27:09 | Build | Stone Wall |
| 27:12 | Build | Gate |
| 27:16 | Build | Stone Wall |
| 27:18 | Create | Villager (Male) |
| 27:18 | Create | Villager (Male) |
| 27:19 | Create | Villager (Male) |
| 27:39 | Build | House |
| 27:41 | Build | House |
| 27:41 | Build | House |
| 27:42 | Build | House |
| 27:43 | Build | House |
| 27:43 | Build | House |
| 27:57 | Build | Market |
| 27:58 | Build | Mining Camp |
| 28:01 | Create | Villager (Male) |
| 28:01 | Create | Villager (Male) |
| 28:19 | Build | Stone Wall |
| 28:23 | Create | Villager (Male) |
| 28:23 | Create | Villager (Male) |
| 28:24 | Create | Villager (Male) |
| 28:29 | Build | Mining Camp |
| 29:05 | Build | Stone Wall |
| 29:08 | Create | Villager (Male) |
| 29:22 | Build | Stone Wall |
| 29:25 | Create | Villager (Male) |
| 29:34 | Build | Outpost |
| 29:42 | Build | Outpost |
| 29:44 | Build | Mining Camp |
| 29:48 | Build | Farm |
| 29:50 | Create | Villager (Male) |
| 29:58 | Build | Outpost |
| 30:13 | Create | Villager (Male) |
| 30:32 | Build | Gate |
| 30:35 | Build | Stone Wall |
| 30:39 | Create | Villager (Male) |
| 30:52 | Build | Mining Camp |
| 30:55 | Research | Horse Collar |
| 30:58 | Create | Villager (Male) |
| 31:14 | Build | Outpost |
| 31:17 | Build | Stone Wall |
| 31:30 | Create | Villager (Male) |
| 31:45 | Build | Blacksmith |
| 32:00 | Build | Stone Wall |
| 32:04 | Build | Gate |
| 32:09 | Build | Stone Wall |
| 32:19 | Research | Castle Age |
| 32:45 | Create | Villager (Male) |
| 33:25 | Create | Villager (Male) |
| 33:55 | Build | Outpost |
| 34:02 | Build | Gate |
| 34:10 | Build | Stone Wall |
| 34:14 | Create | Villager (Male) |
| 34:42 | Build | Gate |
| 34:50 | Build | Stone Wall |
| 34:53 | Build | Stone Wall |
| 34:53 | Build | Stone Wall |
Match timeline
| 0:31 | FoxTroT · wall_segment Palisade Wall x9 |
| 1:24 | ddd · wall_segment Palisade Wall x10 |
| 2:15 | SergentM95 · wall_segment Palisade Wall x9 |
| 3:11 | alvarezomar · wall_segment Palisade Wall x11 |
| 3:28 | Jartor · wall_segment Palisade Wall x9 |
| 4:01 | Jartor · wall_segment Palisade Wall x10 |
| 4:31 | ddd · wall_segment Palisade Wall x20 |
| 4:52 | marrin89 · wall_segment Palisade Wall x19 |
| 8:22 | 3m1R · first_building Barracks |
| 8:37 | marrin89 · wall_segment Palisade Wall x1 |
| 8:56 | marrin89 · wall_segment Palisade Wall x2 |
| 9:10 | ddd · wall_segment Palisade Wall x1 |
| 9:13 | marrin89 · wall_segment Palisade Wall x3 |
| 10:08 | 3m1R · age_up feudal |
| 10:39 | 3m1R · wall_segment Stone Wall x13 |
| 11:40 | FoxTroT · age_up feudal |
| 11:47 | FoxTroT · wall_segment Stone Wall x9 |
| 11:52 | FoxTroT · wall_segment Stone Wall x5 |
| 11:59 | Deep Clean · first_building Barracks |
| 12:27 | Jartor · age_up feudal |
| 12:29 | marrin89 · first_building Barracks |
| 12:30 | Jartor · first_building Barracks |
| 12:46 | Jartor · wall_segment Stone Wall x11 |
| 12:55 | Deep Clean · age_up feudal |
| 13:05 | 3m1R · wall_segment Stone Wall x8 |
| 13:17 | SergentM95 · age_up feudal |
| 13:28 | ddd · wall_segment Palisade Wall x5 |
| 13:38 | alvarezomar · age_up feudal |
| 14:01 | marrin89 · age_up feudal |
| 15:45 | 3m1R · wall_segment Stone Wall x1 |
| 16:26 | 3m1R · wall_segment Stone Wall x1 |
| 16:29 | alvarezomar · wall_segment Stone Wall x11 |
| 16:42 | 3m1R · first_market_buy 100 food |
| 16:46 | marrin89 · wall_segment Stone Wall x15 |
| 16:52 | marrin89 · wall_segment Stone Wall x1 |
| 17:12 | SergentM95 · age_up castle |
| 17:39 | marrin89 · wall_segment Stone Wall x9 |
| 17:40 | FoxTroT · age_up castle |
| 17:47 | SergentM95 · first_building Castle |
| 17:51 | marrin89 · wall_segment Stone Wall x1 |
| 18:16 | SergentM95 · wall_segment Stone Wall x13 |
| 18:26 | ddd · age_up feudal |
| 19:10 | marrin89 · first_building Archery Range |
| 19:27 | alvarezomar · wall_segment Stone Wall x12 |
| 19:32 | SergentM95 · first_market_buy 100 food |
| 19:41 | 3m1R · age_up castle |
| 19:48 | alvarezomar · first_building Barracks |
| 19:58 | FoxTroT · first_building Barracks |
| 20:08 | alvarezomar · first_market_buy 100 food |
| 20:41 | FoxTroT · wall_segment Stone Wall x2 |
| 20:49 | FoxTroT · first_building Stable |
| 20:54 | Deep Clean · wall_segment Stone Wall x1 |
| 20:59 | Deep Clean · wall_segment Stone Wall x1 |
| 21:02 | Deep Clean · wall_segment Stone Wall x1 |
| 21:04 | Deep Clean · wall_segment Stone Wall x1 |
| 21:05 | Deep Clean · wall_segment Stone Wall x1 |
| 21:12 | alvarezomar · first_building Archery Range |
| 21:39 | 3m1R · first_building Siege Workshop |
| 21:56 | FoxTroT · wall_segment Stone Wall x2 |
| 22:08 | alvarezomar · age_up castle |
| 22:36 | alvarezomar · wall_segment Stone Wall x5 |
| 22:47 | Jartor · first_building Stable |
| 22:51 | alvarezomar · first_building Castle |
| 22:57 | Jartor · first_market_buy 100 food |
| 23:32 | 3m1R · first_building Stable |
| 24:17 | ddd · wall_segment Stone Wall x5 |
| 24:22 | ddd · wall_segment Stone Wall x8 |
| 24:54 | ddd · wall_segment Stone Wall x13 |
| 24:59 | Deep Clean · first_market_buy 100 wood |
| 25:02 | ddd · wall_segment Stone Wall x9 |
| 25:06 | Deep Clean · first_market_sell 100 food |
| 25:10 | ddd · wall_segment Stone Wall x4 |
| 25:38 | 3m1R · wall_segment Palisade Wall x1 |
| 25:42 | Jartor · age_up castle |
| 25:56 | Deep Clean · wall_segment Stone Wall x1 |
| 25:57 | 3m1R · wall_segment Stone Wall x1 |
| 25:57 | Deep Clean · wall_segment Stone Wall x1 |
| 25:58 | Deep Clean · wall_segment Stone Wall x1 |
| 26:00 | 3m1R · wall_segment Stone Wall x1 |
| 26:01 | 3m1R · wall_segment Stone Wall x1 |
| 27:09 | ddd · wall_segment Stone Wall x5 |
| 27:16 | ddd · wall_segment Stone Wall x9 |
| 27:43 | SergentM95 · first_market_sell 500 wood |
| 28:00 | SergentM95 · first_building Monastery |
| 28:02 | alvarezomar · first_building Monastery |
| 28:19 | ddd · wall_segment Stone Wall x10 |
| 28:47 | FoxTroT · first_building Siege Workshop |
| 29:05 | ddd · wall_segment Stone Wall x16 |
| 29:08 | FoxTroT · first_building Castle |
| 29:22 | ddd · wall_segment Stone Wall x9 |
| 29:25 | Jartor · first_building Castle |
| 29:32 | SergentM95 · first_building Barracks |
| 29:39 | alvarezomar · wall_segment Stone Wall x17 |
| 30:35 | ddd · wall_segment Stone Wall x9 |
| 30:56 | SergentM95 · age_up imperial |
| 30:57 | marrin89 · wall_segment Stone Wall x10 |
| 31:13 | SergentM95 · first_building Stable |
| 31:17 | ddd · wall_segment Stone Wall x13 |
| 32:00 | ddd · wall_segment Stone Wall x10 |
| 32:07 | 3m1R · wall_segment Stone Wall x6 |
| 32:09 | ddd · wall_segment Stone Wall x8 |
| 32:22 | alvarezomar · first_building Siege Workshop |
| 32:59 | 3m1R · wall_segment Stone Wall x14 |
| 34:10 | ddd · wall_segment Stone Wall x5 |
| 34:11 | marrin89 · age_up castle |
| 34:12 | Jartor · first_building Siege Workshop |
| 34:14 | 3m1R · wall_segment Stone Wall x1 |
| 34:17 | marrin89 · first_building Castle |
| 34:21 | 3m1R · wall_segment Stone Wall x18 |
| 34:34 | marrin89 · first_building Monastery |
| 34:35 | FoxTroT · age_up imperial |
| 34:50 | ddd · wall_segment Stone Wall x3 |
| 34:52 | alvarezomar · age_up imperial |
| 34:53 | ddd · wall_segment Stone Wall x14 |
| 34:53 | ddd · wall_segment Stone Wall x8 |
| 35:05 | ddd · age_up castle |
| 35:53 | SergentM95 · resign |
[ AI ANALYSIS · 1 CREDIT ]
What really happened in this match?
Wolo.gg analyzes every decision: build order, eco, micro, common mistakes by bracket. Personalized analysis on WhatsApp or Discord in 30 seconds.
Civ guide
Celts
Perfil
Jugador #2631997